 Dungeon Crawl Stone Soup version 0.22-a0-247-gbddf880 (webtiles) character file.

6 Amnesiac the Skirmisher (level 1, 0/24 HPs)
             Began as an Ogre Fighter on Feb 24, 2018.
             Slain by a hobgoblin (5 damage)
             ... on level 2 of the Dungeon.
             The game lasted 00:00:24 (111 turns).

Amnesiac the Skirmisher (Ogre Fighter)               Turns: 111, Time: 00:00:24

Health: 0/24       AC:  3    Str: 19    XL:     1   Next: 90%
Magic:  1/1        EV:  8    Int:  9    God:
Gold:   10         SH:  8    Dex:  8    Spells: 0/0 levels left

rFire    . . .     SeeInvis .   a - +0 trident
rCold    . . .     Gourm    .   c - +0 shield
rNeg     . . .     Faith    .   b - +0 robe
rPois    .         Spirit   .   (helmet restricted)
rElec    .         Reflect  .   (no cloak)
rCorr    .         Harm     .   (gloves unavailable)
MR       .....                  (boots unavailable)
Stlth    +.........             (no amulet)
HPRegen  0.08/turn              (no ring)
MPRegen  0.07/turn              (no ring)

@: no status effects
A: large, unfitting armour, tough skin 1
a: no special abilities


You were on level 2 of the Dungeon.
You were not hungry.

You visited 1 branch of the dungeon, and saw 2 of its levels.

You collected 10 gold pieces.

Inventory:

Hand Weapons
 a - a +0 trident (weapon)
Armour
 b - a +0 robe (worn)
 c - a +0 shield (worn)
Scrolls
 h - a scroll of magic mapping {!r, unknown}
Potions
 d - a potion of might {!q}
 e - a potion of degeneration {!q, unknown}
Comestibles
 f - a ration
 g - 3 chunks of flesh


   Skills:
 - Level 4.0 Fighting
 - Level 2.0 Polearms
 * Level 0.9 Throwing
 + Level 2.8 Dodging
 + Level 2.8 Shields


You couldn't memorise any spells.
You didn't know any spells.

Dungeon Overview and Level Annotations

Branches:
Dungeon (2/15)

Altars:


Innate Abilities, Weirdness & Mutations

You are too large for most types of armour.
You have tough skin. (AC +1)


Message History

You puncture the dart slug!
The dart slug is almost dead.
The dart slug launches a dart at you. You block the slug dart.
You puncture the dart slug!
You kill the dart slug!
No target in view!
You now have 10 gold pieces.
A giant cockroach comes into view.
You see here a dart slug corpse.
You butcher the dart slug corpse.
You see here 2 chunks of flesh.
You see here 2 chunks of flesh.
g - 2 chunks of flesh You closely miss the giant cockroach.
The giant cockroach bites you but does no damage.
You hit the giant cockroach.
You kill the giant cockroach!
You see here a giant cockroach corpse.
You butcher the giant cockroach corpse.
g - 3 chunks of flesh (gained 1)
There is a stone staircase leading down here.
You climb downwards.
There is a stone staircase leading up here.
Found a robe.
No target in view!
You see here a robe.
e - an orange potion {!q} No target in view!
h - a scroll labeled DOSIETOSUY {!r} No target in view!
Found 20 arrows.
No target in view! 4 goblins come into view.
The goblin shouts! x3 2 goblins come into view.
A hobgoblin comes into view.
The goblin shouts!
The hobgoblin shouts!
There are monsters nearby!
Found a white potion and 50 stones.
There are monsters nearby!
You closely miss the goblin. The goblin hits you with a club.
You hit the goblin.
You kill the goblin!
You block the goblin's attack. The goblin hits you with a club.
You closely miss the goblin. The goblin hits you with a dagger.
You puncture the goblin!
You kill the goblin!
The hobgoblin hits you.
* * * LOW HITPOINT WARNING * * *
You hit the hobgoblin.
The hobgoblin is lightly wounded.
You block the hobgoblin's attack.
You barely miss the hobgoblin.
The hobgoblin is lightly wounded.
The hobgoblin completely misses you.
You barely miss the hobgoblin. The hobgoblin hits you.
* * * LOW HITPOINT WARNING * * *
You closely miss the hobgoblin. The hobgoblin hits you.
* * * LOW HITPOINT WARNING * * *
You are too injured to fight recklessly!
You are too injured to fight recklessly!
The hobgoblin hits you.
You die...

# ...8.8.8.8.
#.###..........
............(
#.(.........
####...g......!
#......gg......
#.###..8.8.8.8.
#g#########
#...#
#.ggg@..#.###
#...+
#######.#...#
#...# #.#.#.#
#...# #.#.#.#
#...#######
#.#.#.#
#...##....#
#.....#
♣#...##.##.#
#####.###
♣.......##.#
#.....#
♣..###[####.#
#.#####


You could see a hobgoblin and 3 goblins.

Vanquished Creatures
  A dart slug (D:1)
  A giant cockroach (D:1)
  2 goblins (D:2)
4 creatures vanquished.

Notes
Turn   | Place    | Note
-------+----------+-------------------------------------------
     0 | D:1      | Amnesiac the Ogre Fighter began the quest for the Orb.
     0 | D:1      | Reached XP level 1. HP: 24/24 MP: 1/1
     3 | D:1      | Noticed an electric eel
     3 | D:1      | Noticed an electric eel
   111 | D:2      | Slain by a hobgoblin

Vault maps used:
D:1:      arrival_aquarium_b
D:2:      kennysheep_the_goblin_king, first_ration, serial_bayou_lake_a,
          uniq_natasha

Action                   || total
-------------------------++-------
Melee: Trident           ||    14
Armor: Robe              ||     1
Dodge: Dodged            ||     2
Block: Shield            ||     3

Table legend:
 A = Spawn XP
 B = Non-spawn XP
 C = Spawn XP percentage of total XP
 D = Spawn monster count
 E = Non-spawn monster count
 F = Spawn count percentage of total count
 G = Total turns spent on level
                    A         B        C        D         E        F      G
               +---------+---------+-------+---------+---------+-------+---------
         Total |       0 |       9 |   0.0 |       0 |       4 |   0.0 |   111
               +---------+---------+-------+---------+---------+-------+---------
           D:1 |       0 |       6 |   0.0 |       0 |       2 |   0.0 |    41
           D:2 |       0 |       3 |   0.0 |       0 |       2 |   0.0 |    70
               +---------+---------+-------+---------+---------+-------+---------
